 Dungeon Crawl Stone Soup version 0.29.1-2-gbd0b4ee654 (webtiles) character file.

Game seed: 14941759471191692854

687392 Smersh616 the Invulnerable (level 27, -6/206 (245) HPs)
             Began as a Minotaur Fighter on Oct 15, 2022.
             Was an Elder of Okawaru.
             Mangled by a death scarab (11 damage)
             ... on level 2 of the Tomb of the Ancients on Nov 1, 2022.
             The game lasted 23:22:55 (85893 turns).

Smersh616 the Invulnerable (Minotaur Fighter)      Turns: 85893, Time: 23:22:56

HP:   -6/206 (245)  AC: 49    Str: 44    XL:     27
MP:   27/31         EV: 18    Int: 22    God:    Okawaru [****..]
Gold: 3687          SH:  5    Dex: 11    Spells: 26/26 levels left

rFire   + + +      SeeInvis +   h - +7 great mace "Undeadhunter" {disrupt, rN+}
rCold   + . .      Faith    .   (shield currently unavailable)
rNeg    + + .      Spirit   .   k - +8 gold dragon scales
rPois   +          Reflect  +   v - +3 crown of Dyrovepreva {rElec Int+2 SInv}
rElec   +          Harm     .   s - +1 cloak "Zasataq" {rF+}
rCorr   +          Rampage  .   D - +0 pair of fencer's gloves {Riposte Dex+3}
Will    ++...                   O - +1 pair of boots of Cocytus {rCorr Str+3 Stlth+}
Stlth   ..........              L - amulet "Kuahu" {Reflect Int+9 SH+5}
HPRegen 0.44/turn               m - ring of Zuzimaa {Fly rCorr Str+6}
MPRegen 0.22/turn               H - ring of Birdsong {rF+ rN+ Int+6 SInv}

@: about to teleport, heroic, finesse-ful, flying, slowed, studying 2 skills,
heavily drained, very slow
A: horns 2, retaliatory headbutt, iridescent scales 1, clumsy 1, frail 1, shaggy
fur 1, evolution 1
}: 4/15 runes: serpentine, barnacled, slimy, silver
a: Renounce Religion, Heroism, Finesse


You were on level 2 of the Tomb of the Ancients.
You worshipped Okawaru.
Okawaru was greatly pleased with you.
You visited 14 branches of the dungeon, and saw 56 of its levels.
You visited the Abyss 1 time.
You visited 1 ziggurat, and saw 18 of its levels.
You also visited: Ossuary, Bailey, Gauntlet, Ice Cave, Volcano, Wizlab and Desolation.

You collected 9819 gold pieces.
You spent 6132 gold pieces at shops.

Inventory:

Hand Weapons
 a - a +3 demon whip of freezing
 h - the +7 great mace "Undeadhunter" (weapon) {disrupt, rN+}
   (You took it off a deep elf pyromancer on level 3 of the Elven Halls)

   It inflicts significantly more damage against the undead.
   rN:        It protects you from negative energy.
 G - the +8 Wrath of Trog {antimagic, *Rage Rampage}
   (You found it on level 1 of the Depths)

   It reduces the magical energy of the wielder, and disrupts the spells and
   magical abilities of those it strikes.
   Natural abilities and divine invocations are not affected.
   It causes slowness and exhaustion when equipped.
   It extends the wielder's berserk rage when killing foes.
   *Rage:     It berserks you when you make melee attacks (+50% chance).
   Rampage:   It bestows one free step when moving towards enemies.
 M - the +5 morningstar of Insomnia {spect, rElec rPois rN++ Stlth+}
   (You found it on level 14 of a ziggurat)

   When its wielder attacks, the weapon's spirit leaps out and strikes again.
   The spirit shares a part of any damage it takes with its wielder.
   rElec:     It insulates you from electricity.
   rPois:     It protects you from poison.
   rN:        It greatly protects you from negative energy.
   Stlth:     It makes you more stealthy.
 U - the +6 broad axe of Anguish {speed, rC+ Will+ Int+2}
   (Okawaru gifted it to you on level 1 of the Orcish Mines)

   Attacks with this weapon are significantly faster.
   Int:       It affects your intelligence (+2).
   rC:        It protects you from cold.
   Will:      It increases your willpower.
Missiles
 g - 30 atropa-tipped darts (quivered)
 P - 7 boomerangs of dispersal
 S - 5 curare-tipped darts
 Y - 5 silver javelins
Armour
 k - +8 gold dragon scales (worn)
 l - a +1 kite shield of protection
 s - the +1 cloak "Zasataq" (worn) {rF+}
   (Okawaru gifted it to you on level 3 of the Elven Halls)

   rF:        It protects you from fire.
 v - the +3 crown of Dyrovepreva (worn) {rElec Int+2 SInv}
   (Okawaru gifted it to you in a Gauntlet)

   Int:       It affects your intelligence (+2).
   rElec:     It insulates you from electricity.
   SInv:      It lets you see invisible.
 D - the +0 pair of fencer's gloves (worn) {Riposte Dex+3}
   (You bought it in a shop on level 2 of the Vaults)

   It allows the wearer to riposte with melee weapons, swiftly retaliating
   against missed or blocked melee attacks.
   Dex:       It affects your dexterity (+3).
 O - the +1 pair of boots of Cocytus (worn) {rCorr Str+3 Stlth+}
   (You bought it in a shop on level 2 of the Vaults)

   Str:       It affects your strength (+3).
   rCorr:     It protects you from acid and corrosion.
   Stlth:     It makes you more stealthy.
Jewellery
 b - the ring of Giymar {rPois rF+ rC+ Will+ Dex+6}
   (You bought it in a shop on level 4 of the Snake Pit)

   [ring of dexterity]

   Dex:       It affects your dexterity (+6).
   rF:        It protects you from fire.
   rC:        It protects you from cold.
   rPois:     It protects you from poison.
   Will:      It increases your willpower.
 f - the ring of Panentheism {Will+ Dex+6 SInv}
   (You found it on level 3 of the Crypt)

   [ring of dexterity]

   Dex:       It affects your dexterity (+6).
   SInv:      It lets you see invisible.
   Will:      It increases your willpower.
 m - the ring of Zuzimaa (left hand) {Fly rCorr Str+6}
   (You found it on level 8 of a ziggurat)

   [ring of strength]

   Str:       It affects your strength (+6).
   Fly:       It grants you flight.
   rCorr:     It protects you from acid and corrosion.
 H - the ring of Birdsong (right hand) {rF+ rN+ Int+6 SInv}
   (You took it off a minotaur in a Gauntlet)

   [ring of intelligence]

   Int:       It affects your intelligence (+6).
   rF:        It protects you from fire.
   rN:        It protects you from negative energy.
   SInv:      It lets you see invisible.
 L - the amulet "Kuahu" (around neck) {Reflect Int+9 SH+5}
   (You took it off a servant of whispers in the Desolation of Salt)

   [amulet of reflection]

   It reflects blocked missile attacks.
   Int:       It affects your intelligence (+9).
   SH:        It affects your SH (+5).
 R - the ring of Kuos {*Slow rC- rN+++ Str+4 SInv}
   (You found it in a wizard's laboratory)

   [ring of see invisible]

   Str:       It affects your strength (+4).
   rC:        It makes you vulnerable to cold.
   rN:        It renders you almost immune to negative energy.
   SInv:      It lets you see invisible.
   *Slow:     It may slow you when you take damage.
Wands
 p - a wand of mindburst (8)
 t - a wand of digging (3)
 y - a wand of flame (91)
 J - a wand of quicksilver (24)
 K - a wand of roots (10)
Scrolls
 d - 2 scrolls of immolation
 i - 16 scrolls of teleportation
 r - 8 scrolls of fear
 E - a scroll of silence
 F - 8 scrolls of poison
 V - 5 scrolls of magic mapping
Potions
 e - 14 potions of curing
 j - 9 potions of lignification
 q - 2 potions of invisibility
 N - a potion of haste
 T - 7 potions of cancellation
 X - 4 potions of resistance
 Z - 19 potions of mutation
Miscellaneous
 w - a lightning rod (4/4)
 x - a phial of floods
 z - a condenser vane


   Skills:
 O Level 27 Fighting
 O Level 27 Axes
 + Level 10.4(25.3) Maces & Flails
 + Level 16.5(21.5) Throwing
 O Level 27 Armour
 * Level 21.2(26.2) Dodging
 O Level 27 Shields
 - Level 12.0 Invocations
 - Level 2.4 Evocations


You had 26 spell levels left.
You didn't know any spells.
Your spell library contained the following spells:

 Spells                   Type           Power      Damage    Failure   Level
 Apportation              Tloc           0%         N/A       47%         1
 Beastly Appendage        Tmut           0%         N/A       47%         1
 Foxfire                  Conj/Fire      0%         2x1d4     47%         1
 Freeze                   Ice            0%         1d3       47%         1
 Necrotise                Necr           0%         1d4       47%         1
 Sandblast                Erth           0%         2d4       47%         1
 Shock                    Conj/Air       0%         1d3       47%         1
 Slow                     Hex            0%         N/A       47%         1
 Sting                    Tmut/Pois      0%         1d3       47%         1
 Blink                    Tloc           0%         N/A       63%         2
 Ensorcelled Hibernation  Hex/Ice        0%         N/A       63%         2
 Passwall                 Tmut/Erth      0%         N/A       63%         2
 Poisonous Vapours        Pois/Air       0%         N/A       63%         2
 Scorch                   Fire           0%         2d5       63%         2
 Static Discharge         Conj/Air       0%         3-3/arc   63%         2
 Wereblood                Tmut           0%         N/A       63%         2
 Confusing Touch          Hex            0%         N/A       85%         3
 Conjure Flame            Conj/Fire      0%         6-21      85%         3
 Dazzling Flash           Conj/Hex       0%         N/A       85%         3
 Frozen Ramparts          Ice            0%         1d1       85%         3
 Ignite Poison            Fire/Tmut/Pois 0%         N/A       85%         3
 Inner Flame              Hex/Fire       0%         N/A       85%         3
 Lesser Beckoning         Tloc           0%         N/A       85%         3
 Mephitic Cloud           Conj/Pois/Air  0%         N/A       85%         3
 Ozocubu's Armour         Ice            0%         N/A       85%         3
 Portal Projectile        Hex/Tloc       0%         N/A       85%         3
 Spider Form              Tmut/Pois      0%         N/A       85%         3
 Stone Arrow              Conj/Erth      0%         3d7       85%         3
 Teleport Other           Tloc           0%         N/A       85%         3
 Vampiric Draining        Necr           0%         2d6       85%         3
 Anguish                  Hex/Necr       0%         N/A       99%         4
 Corpse Rot               Necr/Pois/Air  0%         N/A       99%         4
 Dispel Undead            Necr           0%         3d6       99%         4
 Flame Wave               Conj/Fire      0%         2d4       99%         4
 Fulminant Prism          Conj/Hex       0%         3d6       99%         4
 Hailstorm                Conj/Ice       0%         3d3       99%         4
 Ice Form                 Ice/Tmut       0%         N/A       99%         4
 Iskenderun's Mystic Bla  Conj/Tloc      0%         2d3       99%         4
 Leda's Liquefaction      Hex/Erth       0%         N/A       99%         4
 Passage of Golubria      Tloc           0%         N/A       99%         4
 Sticky Flame             Conj/Fire      0%         2d3       99%         4
 Agony                    Necr           0%         N/A       100%        5
 Alistair's Intoxication  Tmut/Pois      0%         N/A       100%        5
 Blade Hands              Tmut           0%         N/A       100%        5
 Borgnjor's Vile Clutch   Necr/Erth      0%         N/A       100%        5
 Freezing Cloud           Conj/Ice/Air   0%         6-21      100%        5
 Irradiate                Conj/Tmut      0%         3d11      100%        5
 Iskenderun's Battlesphe  Conj           0%         2d6       100%        5
 Lee's Rapid Deconstruct  Erth           0%         3d5*      100%        5
 Lightning Bolt           Conj/Air       0%         1d11      100%        5
 Manifold Assault         Tloc           0%         N/A       100%        5
 Metabolic Englaciation   Hex/Ice        0%         N/A       100%        5
 Silence                  Hex/Air        0%         N/A       100%        5
 Yara's Violent Unravell  Hex/Tmut       0%         3d3       100%        5
 Conjure Ball Lightning   Conj/Air       0%         3x3d6     100%        6
 Dispersal                Tloc           0%         N/A       100%        6
 Eringya's Noxious Bog    Tmut/Pois      0%         N/A       100%        6
 Starburst                Conj/Fire      0%         6d3       100%        6
 Statue Form              Tmut/Erth      0%         N/A       100%        6
 Dragon Form              Tmut           0%         N/A       100%        7
 Enfeeble                 Hex            0%         N/A       100%        7
 Orb of Destruction       Conj           0%         9d5       100%        7
 Storm Form               Tmut/Air       0%         N/A       100%        7
 Borgnjor's Revivificati  Necr           0%         N/A       100%        8
 Discord                  Hex            0%         N/A       100%        8
 Disjunction              Tloc           0%         N/A       100%        8
 Ignition                 Fire           0%         3d3       100%        8
 Lehudib's Crystal Spear  Conj/Erth      0%         10d2      100%        8
 Necromutation            Tmut/Necr      0%         N/A       100%        8
 Chain Lightning          Conj/Air       0%         N/A       100%        9
 Death's Door             Necr           0%         N/A       100%        9
 Fire Storm               Conj/Fire      0%         5d1       100%        9
 Polar Vortex             Ice            0%         N/A       100%        9
 Shatter                  Erth           0%         3d5*      100%        9
 Summon Small Mammal      Summ           Unusable   N/A       N/A         1
 Call Canine Familiar     Summ           Unusable   N/A       N/A         3
 Summon Guardian Golem    Hex/Summ       Unusable   N/A       N/A         3
 Tukima's Dance           Hex            Unusable   N/A       N/A         3
 Animate Armour           Summ/Erth      Unusable   N/A       N/A         4
 Animate Dead             Necr           Unusable   N/A       N/A         4
 Summon Ice Beast         Ice/Summ       Unusable   N/A       N/A         4
 Summon Forest            Summ/Tloc      Unusable   N/A       N/A         5
 Death Channel            Necr           Unusable   N/A       N/A         6
 Simulacrum               Ice/Necr       Unusable   N/A       N/A         6
 Summon Cactus Giant      Summ           Unusable   N/A       N/A         6
 Haunt                    Necr/Summ      Unusable   N/A       N/A         7
 Monstrous Menagerie      Summ           Unusable   N/A       N/A         7
 Spellforged Servitor     Conj/Summ      Unusable   N/A       N/A         7
 Summon Hydra             Summ           Unusable   N/A       N/A         7
 Infestation              Necr           Unusable   N/A       N/A         8

Dungeon Overview and Level Annotations

Branches:
Dungeon (15/15)            Temple (1/1) D:5            Lair (5/5) D:9
 Shoals (4/4) Lair:2        Snake (4/4) Lair:2        Slime (5/5) Lair:4
    Orc (2/2) D:9             Elf (3/3) Orc:2        Vaults (5/5) D:14
  Crypt (3/3) Vaults:3       Tomb (2/3) Crypt:3      Depths (4/4) D:15
   Hell (visited)             Dis (0/7) Hell            Geh (2/7) Hell
    Coc (0/7) Hell            Tar (0/7) Hell            Zot (0/5) Depths:4
Ossuary (visited)          Bailey (visited)           IceCv (visited)
Volcano (visited)          WizLab (visited)         Desolation (visited)
Gauntlet (visited)

Altars:
Ashenzari
Cheibriados
Dithmenos
Elyvilon
Fedhas
Gozag
Hepliaklqana
Kikubaaqudgha
Makhleb
Nemelex Xobeh
Okawaru
Qazlal
Ru
Sif Muna
Trog
Uskayaw
Vehumet
Wu Jian
Xom
Yredelemnul
Zin
The Shining One
Jiyva

Shops:
D:1 ?   D:13 *   Orc:1 =   Orc:2 [*(*   Elf:3 [(   Shoals:2 [   Shoals:4 (
Snake:4 =[[   Vaults:1 *[*([   Vaults:2 [[   Vaults:3 (   Depths:2 [(

Portals:
Hell: Depths:1 Depths:2 Depths:3 Depths:4
Abyss: Depths:3
Pandemonium: Depths:1 Depths:2 Depths:3

Annotations:
Snake:2 3 runed translucent doors, Ugoet's ghost, adept VSBe


Innate Abilities, Weirdness & Mutations

You have a pair of horns on your head.
You reflexively headbutt those who attack you in melee.
You are partially covered in iridescent scales. (AC +2)
You are clumsy. (Dex -2)
You are frail. (-10% HP)
You are covered in fur. (AC +1)
You have hidden genetic potential.


Message History

The death scarab drains your vigour!
You feel as though you will be slow longer.
The death scarab draws strength from your injuries!
The death scarab bites you but does no damage. x2
The death scarab barely misses you. The death scarab misses you.
The death scarab bites you but does no damage.
The death scarab closely misses you. You furiously retaliate!
You headbutt the death scarab!
The death scarab bites you but does no damage.
The death scarab bites you!
* * * LOW HITPOINT WARNING * * *
The death scarab draws strength from your injuries!
The royal mummy gestures wildly while chanting.
The mummy hits you but does no damage. The mummy closely misses you.
You furiously retaliate!
You headbutt the mummy, but do no damage.
You riposte.
You bludgeon the mummy!!
You destroy the mummy!
The death scarab bites you.
* * * LOW HITPOINT WARNING * * *
The death scarab drains your vigour!
You feel as though you will be slow longer.
You block the death scarab's attack. x2
The ushabti attacks as you move away! The ushabti barely misses you.
You furiously retaliate!
You headbutt the ushabti.
You riposte.
You barely miss the ushabti. Your headbutt misses the ushabti.
The ushabti is lightly damaged.
The death scarab attacks as you move away!
The death scarab completely misses you. You furiously retaliate!
You headbutt the death scarab!
You destroy the death scarab!
The death scarab's corpse disappears in a puff of smoke!
The death scarab misses you. You furiously retaliate!
You headbutt the death scarab!
The death scarab bites you but does no damage.
The death scarab completely misses you. You furiously retaliate!
You headbutt the death scarab, but do no damage.
The death scarab bites you but does no damage.
The death scarab bites you!
You die...

.....BM.†ss.......#
.........M..M....^..#
.....§...†.M..M.....#
....§§.M.^..........#
............M.......#
....?...M......B....#
....§..§^...BB9°MB..#
.M....§#§..#.zBBB...+
.M....M..M....B○@BB.#
.....L....L....B....#
...............°....#
.####.........####..#
#.§......<# ..#
#.§§M.....# ..#
..M....)..^. .#
............. .#
###+##########


You could see 3 royal mummies, a lich (fast, invisible), a mummy priest, an
ushabti, 11 death scarabs, a flying skull and 3 mummies.

Vanquished Creatures
  the Royal Jelly (Slime:5)
  2 dread liches
  An orb of fire (Zig:5)
  Mennas (Crypt:3)
  Mara (Depths:2)
  9 juggernauts
  3 royal mummies (Tomb:1)
  3 Killer Klowns (Zig:9)
  Boris (twice) (Vaults:3 Depths:1)
  Vv (Depths:2)
  Frederick (Vaults:3)
  A pandemonium lord (Zig:3)
  Margery (Depths:3)
  Saint Roka (Elf:2)
  Bai Suzhen (Vaults:5)
  Vashnia (Snake:2)
  2 curse toes (Crypt:3)
  Geryon (Hell)
  3 golden dragons
  Jory (Depths:3)
  A mutant beast (WizLab)
  4 doom hounds
  5 bone dragons
  2 Tzitzimimeh
  A hellephant (Hell)
  2 Brimstone Fiends
  Asterion (Elf:1)
  A shard shrike skeleton (Crypt:1)
  4 liches
  Zenata (Vaults:1)
  A Hell Sentinel (Zig:8)
  9 tentacled monstrosities
  6 searing wretches
  A walking divine tome (Depths:4)
  2 deep elf blademasters (Elf:3)
  4 titans
  2 deep elf master archers (Elf:3)
  15 acid blobs
  3 quicksilver dragons (Vaults:5)
  14 ancient champions
  A kraken (Shoals:4)
  14 sphinxes
  8 tengu reavers
  A thorn hunter (Zig:14)
  2 shadow dragons
  Murray (Depths:1)
  3 storm dragons
  A fenstrider witch (shapeshifter) (Zig:9)
  Donald (Shoals:4)
  21 rockslimes
  6 revenants
  10 nagarajas
  17 azure jellies
  A fenstrider witch (Zig:16)
  Ilsuiw (Shoals:2)
  17 fire giants
  3 iron dragons
  7 deep elf sorcerers
  3 emperor scorpions
  10 frost giants
  9 vault wardens
  Aizul (Depths:2)
  2 draconian shifters (Depths:4)
  5 deep elf elementalists (Elf:3)
  10 orc warlords
  3 spectral caustic shrikes (Depths:1)
  2 cacodemons (Hell)
  4 ghost moths
  3 imperial myrmidons (Desolation)
  5 balrugs
  A broodmother (shapeshifter) (Vaults:5)
  2 curse skulls
  3 ghouls
  10 reapers
  18 ironbound preservers
  15 quicksilver oozes
  7 war gargoyles
  A green draconian (Depths:4)
  26 stone giants
  23 very ugly things
  7 ironbound thunderhulks
  5 deep elf demonologists
  7 vampire knights
  A demonspawn black sun (Zig:3)
  An eleionoma (Zig:16)
  6 putrid mouths
  2 black draconians (Depths:4)
  A purple draconian (Depths:4)
  9 spark wasps
  A minotaur (Gauntlet)
  9 deep elf annihilators
  A dire elephant (shapeshifter) (Zig:9)
  7 entropy weavers
  8 dire elephants
  2 yellow draconians
  5 bunyips
  3 eidola
  A red draconian (Depths:4)
  3 halazid warlocks (Desolation)
  A blizzard demon (Hell)
  12 ettins
  6 green deaths
  7 mummy priests
  3 deep elf high priests
  8 merfolk javelineers
  A crystal guardian (Desolation)
  10 merfolk impalers
  11 deep elf death magi
  11 yaktaur captains
  10 jiangshi
  2 shambling mangroves
  The ghost of TheSexyCheese the Protected, a journeyman MiFi of Gozag (Orc:1)
  13 fire dragons
  10 servants of whispers (Desolation)
  27 vault guards
  11 ice dragons
  10 great orbs of eyes
  13 boulder beetles
  5 ragged hierophants (Desolation)
  An ice dragon (shapeshifter) (Vaults:2)
  A catoblepas (Lair:4)
  14 hydras
  Fannar (D:11)
  4 hell beasts
  A jorogumo (Zig:11)
  3 spriggan air magi
  2 peacekeepers (Desolation)
  An Orb Guardian zombie (Crypt:1)
  6 ogre magi
  An alligator snapping turtle (Zig:16)
  3 stokers
  4 merfolk avatars
  10 salamander tyrants
  4 satyrs
  8 ironbound frosthearts
  13 anacondas
  13 two-headed ogres
  3 alligators
  2 spriggan skeletons (Crypt:3)
  A ghost crab (Zig:14)
  4 merfolk aquamancers
  2 death knights
  6 death yaks (Lair:2)
  A two-headed ogre (shapeshifter) (Vaults:5)
  9 centaur warriors
  16 naga warriors
  17 death scarabs
  7 deep troll earth magi
  25 dancing weapons
  3 radroaches (Zig:11)
  A quicksilver ooze zombie (Crypt:3)
  9 vampire magi
  6 deep troll shamans
  6 tengu warriors
  20 hell hogs
  8 shock serpents
  4 thrashing horrors (Abyss:3)
  2 spriggan berserkers
  6 orc high priests
  8 sun demons
  19 hell knights
  A spriggan (Zig:14)
  A wretched star (Abyss:3)
  6 soul eaters
  22 naga sharpshooters
  Amaemon (Lair:1)
  12 large abominations
  2 titan skeletons
  26 deep elf knights
  2 sixfirhies (Hell)
  A fire crab (shapeshifter) (WizLab)
  2 fire crabs
  5 shadow wraiths
  23 skeletal warriors
  10 iron trolls
  A storm dragon skeleton (Crypt:2)
  5 goliath frogs
  A pharaoh ant (Zig:11)
  20 sea snakes
  2 death drakes
  5 salamander mystics
  2 orb spiders (Zig:11)
  A quicksilver dragon simulacrum (Crypt:3)
  6 glowing orange brains
  46 deep trolls
  A sun moth (Zig:11)
  7 swamp dragons
  2 bog bodies
  A deep troll (shapeshifter) (D:14)
  4 spriggan druids
  A bunyip skeleton (Crypt:3)
  4 flayed ghosts (Crypt:3)
  10 naga ritualists
  A swamp dragon (shapeshifter) (WizLab)
  12 deep elf archers
  An obsidian statue (Vaults:1)
  10 necromancers
  14 ironbound convokers
  11 phantasmal warriors
  11 lindwurms
  18 harpies
  35 deep elf pyromancers
  9 wizards
  A goliath frog zombie (Crypt:3)
  7 orc sorcerers
  9 orc knights
  32 deep elf zephyrmancers
  The ghost of mortz the Thaumaturge, a novice DECj of Vehumet (D:7)
  An oklob plant (Gauntlet)
  41 ugly things
  3 wolf spiders
  A cyclops (shapeshifter) (Vaults:5)
  16 cyclopes
  9 mana vipers
  2 salamanders (shapeshifter) (WizLab)
  18 fauns
  7 shining eyes
  24 manticores
  A manticore (shapeshifter) (WizLab)
  13 elephants
  5 will-o-the-wisps
  2 elephants (shapeshifter)
  16 salamanders
  14 moths of wrath
  An apocalypse crab (Abyss:3)
  A fire giant skeleton (Crypt:1)
  A spectral iron troll (Crypt:2)
  38 black mambas
  7 merfolk sirens
  2 molten gargoyles
  17 vault sentinels
  15 cane toads
  An alligator snapping turtle zombie (Tomb:1)
  3 eyes of devastation
  A dire elephant zombie (Crypt:3)
  10 guardian serpents
  33 naga magi
  3 black mambas (shapeshifter)
  7 rust devils
  A cane toad (shapeshifter) (Vaults:5)
  3 ice statues
  7 orange demons
  10 water nymphs
  A centaur skeleton (Crypt:3)
  8 smoke demons
  2 gargoyles (D:12)
  7 torpor snails
  4 hellions
  An alligator snapping turtle skeleton (Crypt:3)
  A rime drake (shapeshifter) (WizLab)
  3 tormentors
  2 komodo dragons (shapeshifter) (WizLab)
  2 unseen horrors (D:12)
  A sea snake zombie (Hell)
  3 freezing wraiths
  17 yaktaurs
  3 demonic crawlers (Hell)
  3 efreet
  7 ice devils
  A red devil (Depths:2)
  6 tengu conjurers
  17 komodo dragons
  4 spectral deep trolls (Crypt:2)
  2 dire elephant skeletons
  6 rime drakes
  A black draconian skeleton (Crypt:1)
  A catoblepas skeleton (Crypt:3)
  2 hydra zombies (Hell)
  9 guardian mummies
  4 polar bears
  A bloated husk (Zig:12)
  4 wind drakes
  A meliai (shapeshifter) (WizLab)
  A silent spectre (Depths:1)
  A polar bear (shapeshifter) (D:14)
  10 tyrant leeches
  8 meliai
  38 merfolk
  A hornet (shapeshifter) (WizLab)
  22 trolls
  A raiju (Gauntlet)
  11 hornets
  A hydra skeleton (Hell)
  A tarantella (Zig:11)
  A tyrant leech (shapeshifter) (WizLab)
  An ettin zombie (Orc:1)
  A wind drake (shapeshifter) (Elf:2)
  2 raiju (shapeshifter) (WizLab)
  49 saltlings (Desolation)
  2 slime creatures (shapeshifter)
  138 slime creatures
  An alligator zombie (Hell)
  A culicivora zombie (Crypt:3)
  7 flying skulls
  13 blink frogs
  9 dream sheep
  10 snapping turtles
  An ice dragon zombie (Crypt:1)
  A radroach zombie (Crypt:2)
  9 starcursed masses (Abyss:3)
  A jumping spider (Zig:11)
  A centaur simulacrum (D:15)
  A spriggan (shapeshifter) (WizLab)
  3 vampires
  2 ynoxinuls
  A shadow (D:12)
  8 wraiths
  7 wyverns
  21 humans (D:14)
  8 ushabtiu
  19 water elementals
  10 basilisks
  7 small abominations
  4 fire bats (Volcano)
  2 alligator skeletons (Hell)
  2 basilisks (shapeshifter) (WizLab)
  12 golden eyes
  3 yaks (shapeshifter) (WizLab)
  A hog (shapeshifter) (WizLab)
  57 yaks
  A fire elemental (Zig:5)
  A golden eye (shapeshifter) (WizLab)
  11 vampire mosquitoes
  2 iron golems
  5 steam dragons
  A hog (Vaults:1)
  15 redbacks
  3 chaos spawn
  A sea snake simulacrum (Hell)
  45 nagas
  14 wargs
  5 acid dragons
  14 water moccasins
  A swamp worm (shapeshifter) (Zig:9)
  5 hell hounds
  Duvessa (D:5)
  A hydra simulacrum (Hell)
  A two-headed ogre skeleton (Orc:1)
  48 orc warriors
  4 swamp drakes
  A demonspawn skeleton (Crypt:2)
  2 black bears (shapeshifter)
  5 floating eyes
  5 ice beasts
  26 ogres
  3 sky beasts
  2 black bears
  A floating eye zombie (Crypt:2)
  An ettin simulacrum (Orc:1)
  A swamp dragon zombie (Crypt:2)
  A boggart (Vaults:1)
  A black mamba simulacrum (Crypt:3)
  4 great orb of eyes simulacra (IceCv)
  10 wolves
  A blink frog skeleton (Crypt:1)
  17 centaurs
  5 slime creature simulacra (IceCv)
  A hog skeleton (Crypt:1)
  2 elf zombies (Elf:1)
  A kobold brigand (D:6)
  Blork the orc (D:5)
  7 scorpions
  A demonspawn simulacrum (Crypt:3)
  7 bullfrogs
  A necrophage (D:6)
  3 earth elementals
  A glowing shapeshifter simulacrum (IceCv)
  2 two-headed ogre simulacra (D:11)
  A yaktaur skeleton (Crypt:3)
  A warg zombie (Orc:1)
  10 wights
  A cyclops skeleton (Orc:1)
  Dowan (D:5)
  16 killer bees
  A vampire bat (Vaults:1)
  A raiju skeleton (Crypt:3)
  8 electric eels
  A polar bear skeleton (Crypt:2)
  4 howler monkeys
  2 centaur zombies
  An iron imp (Abyss:3)
  A gnoll bouda (D:8)
  A jelly (D:5)
  2 human zombies (Ossuary)
  22 orc priests
  7 hounds
  4 iguanas
  A black bear skeleton (Crypt:1)
  A cyclops simulacrum (Orc:1)
  Ijyb (D:5)
  19 orc wizards
  4 hell rats (Hell)
  3 troll simulacra
  2 lightning spires (Gauntlet)
  4 shapeshifter simulacra (IceCv)
  An acid dragon zombie (Crypt:3)
  An ogre skeleton (Orc:1)
  23 mummies
  13 adders
  12 gnolls
  2 shadow imps (D:6)
  A white imp (D:6)
  3 ufetubi
  2 worms
  A dart slug (D:4)
  78 orcs
  14 endoplasms
  2 giant cockroaches
  5 goblins
  10 hobgoblins
  4 jackals (D:4)
  15 kobolds
  2 quokkas
  13 ball pythons
  3 bats
  A goblin zombie (Ossuary)
  A hobgoblin zombie (Ossuary)
  2 kobold zombies (Ossuary)
  2 orc zombies
  A quokka skeleton (Crypt:3)
  2 rats
  4 fire vortices (Geh:2)
  2 pillars of salt (Elf:1)
  A plant (Lair:5)
  2 tentacles (Shoals:4)
2929 creatures vanquished.

Vanquished Creatures (others)
  A death drake (Zig:6)
  A deep elf zephyrmancer (Elf:1)
  A moth of wrath (Zig:17)
  A hornet (Zig:12)
  A bush (Lair:5)
  A creeping inferno (Geh:2)
  8 foxfires
  39 fungi
  A pillar of salt (Elf:1)
  124 plants
  11 tentacles (Shoals:4)
189 creatures vanquished.

Grand Total: 3118 creatures vanquished

Notes
Turn   | Place    | Note
-------+----------+-------------------------------------------
     0 | D:1      | Smersh616 the Minotaur Fighter began the quest for the Orb.
     0 | D:1      | Reached XP level 1. HP: 19/19 MP: 0/0
    36 | D:1      | You fall into a shaft and drop 1 floor!
    86 | D:2      | Reached XP level 2. HP: 27/27 MP: 1/1
   405 | D:1      | Found Suidud's Magic Scroll Shoppe.
   424 | D:1      | Reached XP level 3. HP: 33/33 MP: 2/2
   453 | D:1      | Bought a scroll of identify for 22 gold pieces
  1487 | D:1      | Bought a scroll of identify for 22 gold pieces
  1634 | D:2      | Found a shimmering altar of Xom.
  2147 | D:3      | Reached XP level 4. HP: 40/40 MP: 3/3
  2695 | D:4      | Reached XP level 5. HP: 34/47 MP: 4/4
  3044 | D:4      | Found a sand-covered staircase.
  3054 | Ossuary  | Entered an ossuary
  3102 | Ossuary  | Reached skill level 5 in Axes
  3141 | Ossuary  | Reached XP level 6. HP: 36/55 MP: 5/5
  3310 | Ossuary  | Reached skill level 5 in Fighting
  3310 | Ossuary  | Reached skill level 5 in Armour
  3310 | Ossuary  | Reached skill level 5 in Shields
  3756 | D:1      | Bought a scroll of magic mapping for 82 gold pieces
  3756 | D:1      | Bought a scroll of poison for 44 gold pieces
  3870 | D:5      | Entered Level 5 of the Dungeon
  3870 | D:5      | Found a staircase to the Ecumenical Temple.
  3877 | Temple   | Entered the Ecumenical Temple
  3934 | Temple   | Became a worshipper of Warmaster Okawaru
  3964 | D:5      | Noticed a water moccasin
  3973 | D:5      | Killed a water moccasin
  4213 | D:5      | Reached XP level 7. HP: 61/61 MP: 6/6
  4233 | D:5      | Noticed Dowan
  4246 | D:5      | Noticed Duvessa
  4252 | D:5      | Killed Duvessa
  4252 | D:5      | Reached * piety under Okawaru
  4255 | D:5      | Killed Dowan
  4331 | D:5      | Noticed Blork the orc
  4344 | D:5      | Killed Blork the orc
  4820 | D:5      | Found an ornate altar of the Wu Jian Council.
  4882 | D:5      | Gained mutation: You are robust. (+10% HP) [potion of
                  | mutation]
  4882 | D:5      | Gained mutation: Your spells are a little easier to cast,
                  | but a little less powerful. [potion of mutation]
  4916 | D:5      | Noticed Ijyb
  4926 | D:5      | Killed Ijyb
  4927 | D:5      | Reached XP level 8. HP: 74/77 MP: 7/7
  5417 | D:1      | Bought a scroll of blinking for 82 gold pieces
  5638 | D:6      | Reached ** piety under Okawaru
  6421 | D:6      | Reached skill level 1 in Invocations
  6547 | D:6      | Found a shadowy altar of Dithmenos.
  6567 | D:6      | Found an opulent altar of Gozag.
  6587 | D:6      | Reached XP level 9. HP: 74/86 MP: 9/9
  6743 | D:6      | Found a glowing golden altar of the Shining One.
  7197 | D:7      | Reached *** piety under Okawaru
  7960 | D:7      | Noticed mortz's ghost (novice DECj)
  8010 | D:7      | Reached skill level 10 in Axes
  8078 | D:7      | Noticed a moth of wrath
  8082 | D:7      | Found a transporter.
  8098 | D:7      | Found a transporter.
  8410 | D:8      | Reached **** piety under Okawaru
  8425 | D:8      | Reached XP level 10. HP: 35/99 MP: 8/10
  9234 | D:9      | Found a flagged portal.
  9272 | Bailey   | Entered a bailey
  9533 | Bailey   | Reached ***** piety under Okawaru
 10129 | D:9      | Found a glowing silver altar of Zin.
 10129 | D:9      | Noticed an angel
 10177 | D:9      | Noticed a two-headed ogre
 10183 | D:9      | Killed a two-headed ogre
 10184 | D:9      | Reached skill level 10 in Shields
 10464 | D:9      | Reached XP level 11. HP: 101/108 MP: 8/11
 10483 | D:9      | Found a staircase to the Orcish Mines.
 10488 | D:9      | Found a staircase to the Lair.
 10543 | D:9      | Noticed a two-headed ogre
 10549 | D:9      | Killed a two-headed ogre
 10550 | D:9      | Reached skill level 10 in Fighting
 10550 | D:9      | Reached skill level 10 in Armour
 10899 | D:9      | Received a gift from Okawaru
 11156 | D:10     | Entered Level 10 of the Dungeon
 11595 | D:10     | Found a broken altar of Ashenzari.
 12024 | D:11     | Reached skill level 1 in Evocations
 12081 | D:11     | Found a frozen archway.
 12089 | IceCv    | Entered an ice cave
 12219 | IceCv    | Got the ring "Wiwnoluw" {Ice Str+2 Dex+4 SInv}
 12274 | IceCv    | HP: 5/111 [very large slime creature (35)]
 12283 | IceCv    | Received a gift from Okawaru
 12577 | IceCv    | Noticed a quicksilver ooze
 12584 | IceCv    | Killed a quicksilver ooze
 12584 | IceCv    | Reached ****** piety under Okawaru
 12589 | IceCv    | Received a gift from Okawaru
 12672 | IceCv    | Reached XP level 12. HP: 121/121 MP: 10/13
 12719 | IceCv    | Found a viscous altar of Jiyva.
 12719 | IceCv    | Noticed an azure jelly
 12741 | IceCv    | Killed an azure jelly
 12850 | IceCv    | Got the ring of Guibak {Ice Int+4}
 12852 | IceCv    | Got the ring "Tisuph" {Ice rElec Stlth+}
 13233 | D:11     | Noticed Fannar
 13242 | D:11     | Killed Fannar
 13242 | D:11     | Received a gift from Okawaru
 13399 | D:11     | Noticed a centaur warrior
 13409 | D:11     | Killed a centaur warrior
 13426 | D:11     | Noticed a boulder beetle
 13459 | D:11     | Killed a boulder beetle
 13848 | D:11     | Noticed an ettin
 13855 | D:11     | Killed an ettin
 13856 | D:11     | Reached skill level 5 in Invocations
 14082 | Lair:1   | Entered Level 1 of the Lair of Beasts
 14145 | Lair:1   | Found a gate leading to a gauntlet.
 14151 | Gauntlet | Entered a Gauntlet
 14151 | Gauntlet | Found a transporter.
 14160 | Gauntlet | Found a transporter.
 14173 | Gauntlet | Found a transporter.
 14186 | Gauntlet | Found a transporter.
 14189 | Gauntlet | Noticed a death scarab
 14193 | Gauntlet | Found a transporter.
 14194 | Gauntlet | Noticed a death scarab
 14208 | Gauntlet | Found a transporter.
 14227 | Gauntlet | Found a transporter.
 14239 | Gauntlet | Found a transporter.
 14247 | Gauntlet | Noticed a death scarab
 14250 | Gauntlet | Noticed a death scarab
 14251 | Gauntlet | Found a transporter.
 14260 | Gauntlet | Found a transporter.
 14275 | Gauntlet | Found a transporter.
 14303 | Gauntlet | Found a transporter.
 14318 | Gauntlet | Found a transporter.
 14320 | Gauntlet | Found a transporter.
 14324 | Gauntlet | Noticed a tengu warrior
 14348 | Gauntlet | Found a transporter.
 14491 | Gauntlet | Received a gift from Okawaru
 14491 | Gauntlet | Found the +3 crown of Dyrovepreva {rElec Int+2 SInv}
 14492 | Gauntlet | Found a transporter.
 14492 | Gauntlet | Found a transporter.
 14553 | Gauntlet | Found a transporter.
 14845 | Gauntlet | Identified the +6 acid dragon scales "Aqarryt" {Rampage
                  | Will+ rCorr Str-4 Int+2}
 14845 | Gauntlet | Identified the +0 kite shield of Sunlight {rC+ SInv}
 14845 | Gauntlet | Identified the ring of Birdsong {rF+ rN+ Int+6 SInv}
 14845 | Gauntlet | Noticed a minotaur
 14854 | Gauntlet | Killed a minotaur
 14870 | Gauntlet | Identified the +1 ring mail of Vanity {+Inv rN++}
 14884 | Gauntlet | Got the Vellum of Ensorcelling
 14894 | Gauntlet | Identified the ring "Kotal" {rPois rF+ rN+ Int-2 Dex+3}
 14995 | Lair:1   | Reached XP level 13. HP: 129/130 MP: 2/16
 15000 | Lair:1   | Reached skill level 15 in Axes
 15387 | Lair:1   | Noticed Amaemon
 15401 | Lair:1   | Killed Amaemon
 15402 | Lair:1   | Reached skill level 15 in Shields
 16579 | Lair:2   | Reached skill level 1 in Throwing
 16656 | Lair:2   | Found a dark tunnel.
 16673 | Volcano  | Entered a volcano
 16748 | Volcano  | Identified the +0 ring mail of Cynicism {rPois} (Okawaru
                  | gifted it to you in a volcano)
 16748 | Volcano  | Received a gift from Okawaru
 17135 | Lair:2   | Found a staircase to the Shoals.
 17551 | Lair:2   | Found a staircase to the Snake Pit.
 18051 | Lair:3   | Reached XP level 14. HP: 143/143 MP: 6/17
 18920 | Lair:4   | Identified the +2 hat of Egalitarianism {rCorr} (Okawaru
                  | gifted it to you on level 4 of the Lair of Beasts)
 18920 | Lair:4   | Received a gift from Okawaru
 19827 | Lair:4   | Found a viscous altar of Jiyva.
 19828 | Lair:4   | Found a staircase to the Slime Pits.
 20211 | Lair:5   | Entered Level 5 of the Lair of Beasts
 20387 | Lair:5   | Reached skill level 5 in Throwing
 20819 | Lair:5   | Identified the +4 scale mail "Nyrphasku" {*Slow rN+ Dex+2}
                  | (Okawaru gifted it to you on level 5 of the Lair of Beasts)
 20819 | Lair:5   | Received a gift from Okawaru
 20915 | Lair:5   | Identified the +4 ring mail "Qirekk" {Str+2}
 21048 | Lair:5   | Reached skill level 15 in Armour
 21152 | Lair:5   | Found the +8 trident of the Octopus King {venom, rElec
                  | rPois}
 21166 | Lair:5   | Identified the +4 mace of the Singing Gods {vorpal,
                  | *Corrode rPois rN+}
 21791 | D:12     | Reached skill level 15 in Fighting
 21822 | D:12     | Reached XP level 15. HP: 155/155 MP: 18/18
 23094 | D:13     | Identified the +5 chain mail of Kiuwk {rC- Regen+ Dex+4
                  | SInv} (Okawaru gifted it to you on level 13 of the Dungeon)
 23094 | D:13     | Received a gift from Okawaru
 23288 | D:13     | Found Lyloips's Assorted Antiques.
 23294 | D:13     | Bought a potion of heal wounds for 80 gold pieces
 23294 | D:13     | Bought a potion of heal wounds for 80 gold pieces
 24245 | D:14     | Found a gate to the Vaults.
 24602 | D:15     | Entered Level 15 of the Dungeon
 25036 | D:15     | Found a staircase to the Depths.
 25189 | D:15     | Found a faded altar of an unknown god.
 25189 | D:15     | Found a faded altar of an unknown god.
 25190 | D:15     | Found a hazy altar of Hepliaklqana.
 25190 | D:15     | Found a faded altar of an unknown god.
 25488 | Orc:1    | Entered Level 1 of the Orcish Mines
 25675 | Orc:1    | Found Zocuwk's Jewellery Boutique.
 25881 | Orc:1    | Found a runed translucent door.
 25882 | Orc:1    | Found a shimmering altar of Xom.
 25882 | Orc:1    | Noticed TheSexyCheese's ghost (journeyman MiFi)
 25907 | Orc:1    | Identified the +6 broad axe of Anguish {speed, rC+ Will+
                  | Int+2} (Okawaru gifted it to you on level 1 of the Orcish
                  | Mines)
 25907 | Orc:1    | Received a gift from Okawaru
 25916 | Orc:1    | Reached XP level 16. HP: 164/166 MP: 19/19
 26206 | Orc:1    | Killed TheSexyCheese's ghost
 26265 | Orc:2    | Entered Level 2 of the Orcish Mines
 26342 | Orc:2    | Found a staircase to the Elven Halls.
 26504 | Orc:2    | Found Goograot's Armour Emporium.
 26538 | Orc:2    | Identified the +6 tower shield of Awygaemm {*Corrode Will++
                  | Dex+8 SInv} (Okawaru gifted it to you on level 2 of the
                  | Orcish Mines)
 26538 | Orc:2    | Received a gift from Okawaru
 26693 | Orc:2    | Found Dilotedgh's Assorted Antiques.
 26702 | Orc:2    | Found Camymode's Weapon Shoppe.
 26703 | Orc:2    | Found Leugaiss's Assorted Antiques.
 27397 | Snake:1  | Entered Level 1 of the Snake Pit
 27607 | Orc:1    | Bought a +6 ring of strength for 396 gold pieces
 27945 | Snake:1  | You fall into a shaft and drop 1 floor!
 27945 | Snake:2  | Found a runed translucent gate.
 27948 | Snake:2  | Found a runed translucent gate.
 27948 | Snake:2  | Found a runed translucent gate.
 27948 | Snake:2  | Noticed Ugoet's ghost (adept VSBe)
 29461 | Snake:2  | Noticed Vashnia
 29503 | Snake:2  | Killed Vashnia
 29895 | Snake:3  | Reached XP level 17. HP: 132/179 MP: 16/20
 30332 | Snake:3  | Received a gift from Okawaru
 30667 | Snake:4  | Entered Level 4 of the Snake Pit
 30705 | Snake:4  | Found Memiuma's Antique Armour Shoppe.
 30730 | Snake:4  | Found Kanuem's Antique Armour Emporium.
 30751 | Snake:4  | Found Juawebal's Jewellery Shop.
 30801 | Snake:4  | Bought the ring of Giymar {rPois rF+ rC+ Will+ Dex+6} for
                  | 1002 gold pieces
 31173 | Snake:4  | Found a runed translucent door.
 31280 | Snake:4  | Received a gift from Okawaru
 31555 | Snake:4  | Received a gift from Okawaru
 32196 | Snake:4  | Got a serpentine rune of Zot
 32437 | Snake:4  | Bought a runed cloak for 330 gold pieces
 32680 | Orc:2    | Bought a dented ruby amulet for 130 gold pieces
 32842 | Shoals:1 | Entered Level 1 of the Shoals
 33032 | Shoals:1 | Reached XP level 18. HP: 191/191 MP: 23/23
 33883 | Shoals:2 | Found Ischufraf's Armour Shoppe.
 33903 | Shoals:2 | Received a gift from Okawaru
 34164 | Shoals:2 | Noticed Ilsuiw
 34247 | Shoals:2 | Killed Ilsuiw
 35096 | Shoals:3 | Received a gift from Okawaru
 35499 | Shoals:4 | Entered Level 4 of the Shoals
 35551 | Shoals:4 | Identified the +2 broad axe of Conscience {drain, Will+}
                  | (Okawaru gifted it to you on level 4 of the Shoals)
 35551 | Shoals:4 | Received a gift from Okawaru
 35663 | Shoals:4 | Found Tuthit's Antique Weapon Emporium.
 35981 | Shoals:4 | Noticed Donald
 35986 | Shoals:4 | Received a gift from Okawaru
 35999 | Shoals:4 | Killed Donald
 36382 | Shoals:4 | Received a gift from Okawaru
 36383 | Shoals:4 | Reached XP level 19. HP: 195/205 MP: 24/24
 36572 | Shoals:4 | Got a barnacled rune of Zot
 37302 | Elf:1    | Entered Level 1 of the Elven Halls
 37422 | Elf:1    | Found a crumbling gateway.
 37427 | Elf:1    | Noticed Asterion
 37446 | Elf:1    | Killed Asterion
 37467 | Desolati | Entered the Desolation of Salt
 37569 | Desolati | Received a gift from Okawaru
 37704 | Desolati | Received a gift from Okawaru
 37992 | Desolati | Got Nieck's Spellbook of Illusion and the Figure
 38044 | Desolati | Identified the amulet "Kuahu" {Reflect Int+9 SH+5}
 38056 | Desolati | Received a gift from Okawaru
 38100 | Desolati | Identified the amulet "Poozafre" {Spirit rPois}
 38101 | Desolati | Identified the +6 glaive of Amortisation {vorpal, Int+3}
 38103 | Desolati | Got Hiequcw's Quarto of Enchantment
 38325 | Desolati | Identified the +1 hand axe of Dim Light {antimagic, Int+4}
 38952 | Elf:1    | Received a gift from Okawaru
 38964 | Elf:1    | Identified a scroll of acquirement
 38965 | Elf:1    | Acquired the +3 pair of mountain boots {steadfast, rC+}
 38965 | Elf:1    | Found the +3 pair of mountain boots {steadfast, rC+}
 38997 | Elf:1    | Got Kikubaaqudgha's Codex of Evil Rites
 39094 | Elf:1    | Identified the +0 kite shield "Ymeeb" {*Slow rElec Dex+4
                  | Slay+2} (Okawaru gifted it to you on level 1 of the Elven
                  | Halls)
 39094 | Elf:1    | Received a gift from Okawaru
 39643 | Elf:2    | Found a runed translucent gate.
 39644 | Elf:2    | Found a runed translucent gate.
 39644 | Elf:2    | Found a runed translucent gate.
 39861 | Elf:2    | Reached XP level 20. HP: 220/220 MP: 25/25
 39963 | Elf:2    | Noticed Saint Roka
 39980 | Elf:2    | Killed Saint Roka
 40678 | Elf:3    | Entered Level 3 of the Elven Halls
 40684 | Elf:3    | Got the Dissertation on Transfiguration
 40878 | Elf:3    | Found Akag's Antique Weapon Shop.
 41057 | Elf:3    | Found Lool's Armour Emporium.
 41278 | Elf:3    | Received a gift from Okawaru
 41806 | Elf:3    | Found a shimmering blue altar of Sif Muna.
 42299 | Elf:3    | Identified the +7 falchion of Fatigue {spect, Str+4 Stlth+}
 42301 | Elf:3    | Identified the +1 cloak "Zasataq" {rF+} (Okawaru gifted it
                  | to you on level 3 of the Elven Halls)
 42301 | Elf:3    | Received a gift from Okawaru
 42302 | Elf:3    | Identified the +7 war axe "Gram" {flame, Str+3}
 42336 | Elf:3    | Identified the +2 long sword "Biq Sog" {venom, rPois Str+7}
 42363 | Elf:3    | Reached skill level 27 in Armour
 42572 | Elf:3    | Identified the +1 plate armour "Gianag" {rC- rN+ Will+
                  | Dex+2}
 42577 | Elf:3    | Identified the +6 chain mail "Pyfud" {rCorr}
 43007 | D:1      | Bought a scroll of teleportation for 33 gold pieces
 43221 | Orc:2    | Bought a scroll of teleportation for 75 gold pieces
 43420 | D:7      | Killed mortz's ghost
 43772 | Vaults:1 | Entered Level 1 of the Vaults
 43772 | Vaults:1 | Found Huruolad's General Store.
 43777 | Vaults:1 | Found Edevy's Antique Armour Boutique.
 43785 | Vaults:1 | Bought a potion of heal wounds for 100 gold pieces
 43793 | Vaults:1 | Bought a shiny kite shield for 195 gold pieces
 43809 | Vaults:1 | Noticed Zenata
 43831 | Vaults:1 | Killed Zenata
 43992 | Vaults:1 | Found Xilozoev's Antique Armour Emporium.
 44021 | Vaults:1 | Identified the +9 quarterstaff of Imuukhoa {drain, rElec
                  | rC- Str+4 Dex+4}
 44636 | Vaults:1 | Acquired the +1 pair of boots of Stoicism {Regen+ Int-3
                  | Dex+3}
 44693 | Vaults:1 | Found Ikhemox's Antique Weapon Shoppe.
 44788 | Vaults:1 | Got the Reference Book on Metamorphosis
 44946 | Vaults:1 | Found Kobaiz's Assorted Antiques.
 44953 | Vaults:1 | Bought a scroll of enchant armour for 217 gold pieces
 45102 | Vaults:2 | Reached XP level 21. HP: 232/232 MP: 22/26
 45147 | Vaults:2 | Found Fetoxzum's Armour Emporium.
 45157 | Vaults:2 | Got Alirurph's Atlas of the Hazy Iceberg
 45267 | Vaults:2 | Found Nuaghuw's Armour Shoppe.
 45278 | Vaults:2 | Bought the +1 pair of boots of Cocytus {rCorr Str+3 Stlth+}
                  | for 624 gold pieces
 45471 | Vaults:2 | Found a huge runed gate.
 45471 | Vaults:2 | Found a huge runed gate.
 45471 | Vaults:2 | Found a huge runed gate.
 45471 | Vaults:2 | Found a huge runed gate.
 45471 | Vaults:2 | Found a huge runed gate.
 45471 | Vaults:2 | Found a huge runed gate.
 45472 | Vaults:2 | Found a huge runed gate.
 45472 | Vaults:2 | Found a huge runed gate.
 45472 | Vaults:2 | Found a huge runed gate.
 45472 | Vaults:2 | Found a huge runed gate.
 45757 | Vaults:2 | Found a huge runed gate.
 45757 | Vaults:2 | Found a huge runed gate.
 45757 | Vaults:2 | Found a huge runed gate.
 45757 | Vaults:2 | Found a huge runed gate.
 45757 | Vaults:2 | Found a huge runed gate.
 45757 | Vaults:2 | Found a huge runed gate.
 45758 | Vaults:2 | Found a huge runed gate.
 45759 | Vaults:2 | Found a huge runed gate.
 45760 | Vaults:2 | Found a huge runed gate.
 45768 | Vaults:2 | Found a huge runed gate.
 45768 | Vaults:2 | Found a huge runed gate.
 45768 | Vaults:2 | Found a huge runed gate.
 45768 | Vaults:2 | Found a huge runed gate.
 45768 | Vaults:2 | Found a huge runed gate.
 45768 | Vaults:2 | Found a huge runed gate.
 45768 | Vaults:2 | Found a huge runed gate.
 45769 | Vaults:2 | Found a huge runed gate.
 45770 | Vaults:2 | Found a huge runed gate.
 45778 | Vaults:2 | Found a huge runed gate.
 45778 | Vaults:2 | Found a huge runed gate.
 45778 | Vaults:2 | Found a huge runed gate.
 45778 | Vaults:2 | Found a huge runed gate.
 45778 | Vaults:2 | Found a huge runed gate.
 45778 | Vaults:2 | Found a huge runed gate.
 45778 | Vaults:2 | Found a huge runed gate.
 45779 | Vaults:2 | Found a huge runed gate.
 45931 | Vaults:2 | Acquired 916 gold pieces
 46115 | Vaults:2 | Received a gift from Okawaru
 46859 | Vaults:3 | Noticed Boris
 46873 | Vaults:3 | Killed Boris
 46991 | Vaults:3 | Found a staircase to the Crypt.
 47627 | Vaults:3 | Noticed Frederick
 47640 | Vaults:3 | Killed Frederick
 47836 | Vaults:3 | Found Hoato Eki's Weapon Boutique.
 47864 | Vaults:3 | Upgraded the game from 0.29.1-1-gd02db6906a to
                  | 0.29.1-2-gbd0b4ee654
 48180 | Vaults:4 | Received a gift from Okawaru
 48276 | Vaults:4 | Reached skill level 1 in Maces & Flails
 48665 | Vaults:4 | Reached XP level 22. HP: 244/248 MP: 27/27
 49696 | Depths:1 | Entered Level 1 of the Depths
 49713 | Depths:1 | Received a gift from Okawaru
 49769 | Depths:1 | Found an ornate altar of the Wu Jian Council.
 49981 | Depths:1 | Reached skill level 5 in Maces & Flails
 50344 | Depths:3 | Received a gift from Okawaru
 50698 | Depths:2 | Noticed Mara
 50719 | Depths:2 | Killed Mara
 50902 | Depths:2 | Received a gift from Okawaru
 50948 | Depths:2 | Noticed Aizul
 50963 | Depths:2 | Killed Aizul
 51123 | Depths:2 | Found Mimekk's Weapon Boutique.
 51123 | Depths:2 | Found Lyappeadgh's Armour Shop.
 51137 | Depths:2 | Bought 4 silver boomerangs for 108 gold pieces
 51390 | Depths:2 | Noticed Vv
 51407 | Depths:2 | Received a gift from Okawaru
 51416 | Depths:2 | Killed Vv
 51759 | Depths:2 | Found a gateway to Hell.
 51914 | Depths:2 | Found a one-way gate leading to the halls of Pandemonium.
 52071 | Depths:3 | Received a gift from Okawaru
 52078 | Depths:3 | Noticed Jory
 52099 | Depths:3 | Killed Jory
 52575 | Depths:3 | Received a gift from Okawaru
 52668 | Depths:3 | Found a one-way gate to the infinite horrors of the Abyss.
 52923 | Depths:3 | Noticed Margery
 52951 | Depths:3 | Killed Margery
 52959 | Depths:3 | Received a gift from Okawaru
 53397 | Depths:4 | Entered Level 4 of the Depths
 53634 | Depths:4 | Reached skill level 27 in Fighting
 53818 | Depths:4 | Reached XP level 23. HP: 244/264 MP: 28/28
 54036 | Depths:4 | Found a gate to the Realm of Zot.
 54044 | Depths:4 | Received a gift from Okawaru
 54045 | Depths:4 | Reached skill level 10 in Throwing
 54185 | Depths:4 | Found a one-way gateway to a ziggurat.
 54698 | Crypt:1  | Entered Level 1 of the Crypt
 54755 | Crypt:1  | Received a gift from Okawaru
 55045 | Crypt:1  | Identified the +9 hand axe "Ibiulirucs" {antimagic, rPois
                  | rF+} (Okawaru gifted it to you on level 1 of the Crypt)
 55045 | Crypt:1  | Received a gift from Okawaru
 56135 | Crypt:2  | Found a magical portal.
 56144 | WizLab   | Entered Cigotuvi's Fleshworks
 56233 | WizLab   | Reached skill level 10 in Invocations
 56602 | WizLab   | Paralysed by a floating eye for 2 turns
 56609 | WizLab   | Paralysed by a floating eye for 2 turns
 56618 | WizLab   | Paralysed by a floating eye for 2 turns
 56736 | WizLab   | Identified the ring of Kuos {*Slow rC- rN+++ Str+4 SInv}
 56787 | WizLab   | Got the Volume of Permutations
 57207 | Crypt:2  | Received a gift from Okawaru
 58416 | Crypt:3  | Entered Level 3 of the Crypt
 58420 | Crypt:3  | Noticed Mennas
 58586 | Crypt:3  | Noticed a dread lich
 58600 | Crypt:3  | Killed a dread lich
 59057 | Crypt:3  | Received a gift from Okawaru
 59568 | Crypt:3  | Found a staircase to the Tomb.
 59707 | Crypt:3  | Reached XP level 24. HP: 265/266 MP: 30/30
 60118 | Crypt:3  | Found an ancient bone altar of Kikubaaqudgha.
 60121 | Crypt:3  | Found a basalt altar of Yredelemnul.
 60180 | Crypt:3  | Identified the +4 sling of Fetanius {venom, rF- Int+2 Dex+8
                  | Stlth+}
 60181 | Crypt:3  | Identified the ring of Panentheism {Will+ Dex+6 SInv}
 60227 | Crypt:3  | Got the Guide on the Crypt
 61108 | Depths:1 | Received a gift from Okawaru
 61203 | Depths:1 | Noticed Boris
 61218 | Depths:1 | Killed Boris
 61475 | Depths:1 | Noticed a juggernaut
 61504 | Depths:1 | Found a bloodstained altar of Trog.
 61504 | Depths:1 | Found the +8 Wrath of Trog {antimagic, *Rage Rampage}
 61591 | Depths:1 | Found a transporter.
 61601 | Depths:1 | Found a transporter.
 61606 | Depths:1 | Found a runed translucent door.
 61629 | Depths:1 | Killed a juggernaut
 61637 | Depths:1 | Received a gift from Okawaru
 62021 | Depths:1 | Identified the +5 chain mail of Ideifu Yqoa {rC+++ Will-
                  | Int-5 SInv}
 62036 | Abyss:2  | Cast into level 2 of the Abyss (red devil)
 62191 | Depths:1 | Escaped the Abyss
 62198 | Depths:1 | Received a gift from Okawaru
 62853 | Vaults:1 | Bought a potion of resistance for 290 gold pieces
 62853 | Vaults:1 | Bought a wand of quicksilver (2) for 243 gold pieces
 63295 | Orc:2    | Bought 2 potions of resistance for 520 gold pieces
 63295 | Orc:2    | Bought a potion of lignification for 78 gold pieces
 63295 | Orc:2    | Bought a scroll of immolation for 104 gold pieces
 63301 | Orc:2    | Bought a wand of quicksilver (3) for 315 gold pieces
 63606 | Vaults:2 | Bought the +0 pair of fencer's gloves {Riposte Dex+3} for
                  | 720 gold pieces
 63606 | Vaults:2 | Found the +0 pair of fencer's gloves {Riposte Dex+3}
 64329 | Vaults:1 | Bought 4 atropa-tipped darts for 48 gold pieces
 64329 | Vaults:1 | Bought a wand of roots (4) for 192 gold pieces
 64888 | Slime:1  | Entered Level 1 of the Pits of Slime
 65019 | Slime:2  | Received a gift from Okawaru
 65413 | Slime:2  | Gained mutation: Your body sometimes deteriorates upon
                  | taking damage. [a shining eye]
 65415 | Slime:2  | Gained mutation: You are partially covered in iridescent
                  | scales. (AC +2) [a shining eye]
 65965 | Slime:4  | Received a gift from Okawaru
 66054 | Slime:4  | Gained mutation: Armour fits poorly on your strangely
                  | shaped body. [a shining eye]
 67142 | Crypt:3  | Killed Mennas
 67797 | Hell     | Entered the Vestibule of Hell
 67797 | Hell     | Noticed Geryon
 67803 | Hell     | Noticed Murray
 67851 | Depths:3 | Received a gift from Okawaru
 68269 | Depths:1 | Killed Murray
 68931 | Vaults:1 | Got the Exposition on Bewitchment
 69777 | Vaults:5 | Entered Level 5 of the Vaults
 69803 | Vaults:5 | Reached skill level 27 in Axes
 69809 | Vaults:5 | Reached XP level 25. HP: 202/282 MP: 26/31
 70083 | Vaults:5 | Reached skill level 1 in Dodging
 70112 | Vaults:5 | Noticed Bai Suzhen
 70379 | Vaults:5 | Killed Bai Suzhen
 70506 | Vaults:5 | Received a gift from Okawaru
 70796 | Vaults:5 | Received a gift from Okawaru
 70856 | Vaults:5 | Reached skill level 5 in Dodging
 70862 | Vaults:5 | Identified the +2 leather armour of a Gauntlet {+Blink
                  | Str+6 Dex+3}
 71106 | Vaults:5 | Identified the ring of Qisour {rPois rF+}
 71248 | Vaults:5 | Identified the +9 scimitar of Karma {flame, rF+ Str+2}
 71248 | Vaults:5 | Identified the amulet of Plog {Acrobat Will+ Int-4 Dex+4}
 71271 | Vaults:5 | Got a silver rune of Zot
 71629 | Vaults:5 | Noticed a dread lich
 71647 | Vaults:5 | Killed a dread lich
 71799 | Vaults:5 | Identified the +2 scale mail of Utuasasetz {rC+ Dex+5}
 71860 | Vaults:5 | Identified the +1 scale mail of the Wilderness {rN++
                  | Regen+}
 71868 | Vaults:5 | Identified the amulet of Ledul {Spirit Rampage *Corrode
                  | rElec SInv}
 73297 | Hell     | Killed Geryon
 73417 | Hell     | Found a gateway to the freezing wastes of Cocytus.
 74061 | Hell     | Found a gateway to the decaying netherworld of Tartarus.
 74135 | Hell     | Reached XP level 26. HP: 292/292 MP: 31/31
 74263 | Hell     | Found a gateway to the Iron City of Dis.
 74298 | Hell     | Reached skill level 10 in Dodging
 74331 | Hell     | Found a gateway to the ashen valley of Gehenna.
 74369 | Hell     | Received a gift from Okawaru
 74922 | Tomb:1   | Entered Level 1 of the Tomb of the Ancients
 75136 | Tomb:1   | Noticed a royal mummy
 75196 | Tomb:1   | HP: 11/282 [??? (8)]
 75678 | Crypt:3  | Lost mutation: Armour fits poorly on your strangely shaped
                  | body. [potion of mutation]
 75678 | Crypt:3  | Lost mutation: You are partially covered in iridescent
                  | scales. (AC +2) [potion of mutation]
 75678 | Crypt:3  | Gained mutation: You are strong-willed. (Will+) [potion of
                  | mutation]
 75678 | Crypt:3  | Gained mutation: You are resistant to electric shocks.
                  | (rElec) [potion of mutation]
 75679 | Crypt:3  | Lost mutation: Your spells are a little easier to cast, but
                  | a little less powerful. [potion of mutation]
 75679 | Crypt:3  | Lost mutation: You are resistant to electric shocks.
                  | (rElec) [potion of mutation]
 75679 | Crypt:3  | Lost mutation: Your body sometimes deteriorates upon taking
                  | damage. [potion of mutation]
 75679 | Crypt:3  | Gained mutation: Your magical capacity is low. (-10% MP)
                  | [potion of mutation]
 75679 | Crypt:3  | Gained mutation: You occasionally lose the ability to drink
                  | potions when taking damage. [potion of mutation]
 75680 | Crypt:3  | Lost mutation: Your magical capacity is low. (-10% MP)
                  | [potion of mutation]
 75680 | Crypt:3  | Lost mutation: You are strong-willed. (Will+) [potion of
                  | mutation]
 75680 | Crypt:3  | Lost mutation: You occasionally lose the ability to drink
                  | potions when taking damage. [potion of mutation]
 75680 | Crypt:3  | Gained mutation: You occasionally lose the ability to drink
                  | potions when taking damage. [potion of mutation]
 75681 | Crypt:3  | Lost mutation: You occasionally lose the ability to drink
                  | potions when taking damage. [potion of mutation]
 75681 | Crypt:3  | Lost mutation: You are robust. (+10% HP) [potion of
                  | mutation]
 75681 | Crypt:3  | Gained mutation: Armour fits poorly on your strangely
                  | shaped body. [potion of mutation]
 75681 | Crypt:3  | Gained mutation: You are agile. (Dex +4, Str/Int -1)
                  | [potion of mutation]
 75682 | Crypt:3  | Lost mutation: You are agile. (Dex +4, Str/Int -1) [potion
                  | of mutation]
 75682 | Crypt:3  | Lost mutation: Armour fits poorly on your strangely shaped
                  | body. [potion of mutation]
 75682 | Crypt:3  | Gained mutation: You have a pair of large horns on your
                  | head. [potion of mutation]
 75682 | Crypt:3  | Gained mutation: You are robust. (+10% HP) [potion of
                  | mutation]
 75683 | Crypt:3  | Lost mutation: You have a pair of large horns on your head.
                  | [potion of mutation]
 75683 | Crypt:3  | Lost mutation: You are robust. (+10% HP) [potion of
                  | mutation]
 75683 | Crypt:3  | Gained mutation: Your muscles are strong. (Str +4, Int/Dex
                  | -1) [potion of mutation]
 75683 | Crypt:3  | Gained mutation: You are clumsy. (Dex -2) [potion of
                  | mutation]
 75683 | Crypt:3  | Gained mutation: You are covered in fur. (AC +1) [potion of
                  | mutation]
 75729 | Tomb:1   | Killed a royal mummy
 76491 | Tomb:1   | Noticed a royal mummy
 76749 | Tomb:1   | Noticed a royal mummy
 76765 | Tomb:1   | Killed a royal mummy
 76765 | Tomb:1   | Received a gift from Okawaru
 77391 | Tomb:1   | Killed a royal mummy
 78555 | Slime:4  | Lost mutation: Your muscles are strong. (Str +4, Int/Dex
                  | -1) [a shining eye]
 78561 | Slime:4  | Gained mutation: You are dopey. (Int -2) [a shining eye]
 78569 | Slime:4  | Lost mutation: You are dopey. (Int -2) [potion of mutation]
 78569 | Slime:4  | Lost mutation: You are clumsy. (Dex -2) [potion of
                  | mutation]
 78569 | Slime:4  | Gained mutation: You are clumsy. (Dex -2) [potion of
                  | mutation]
 78569 | Slime:4  | Gained mutation: You have hidden genetic potential. [potion
                  | of mutation]
 78726 | Slime:5  | Entered Level 5 of the Pits of Slime
 79168 | Slime:5  | Noticed the Royal Jelly
 79584 | Slime:5  | Found a viscous altar of Jiyva.
 80646 | Slime:3  | You fall into a shaft and drop 1 floor!
 80939 | Slime:5  | Killed the Royal Jelly
 81084 | Slime:5  | Identified the +3 hand axe "Lajynam" {freeze, Fragile rC+
                  | rCorr}
 81087 | Slime:5  | Identified the +1 robe of Cyolur {Archmagi}
 81109 | Slime:5  | Identified the +1 leather armour of Xom, Breathing {rF+
                  | rCorr Str+6 Dex+3}
 81170 | Slime:5  | Got a slimy rune of Zot
 82034 | Zig:1    | Entered Level 1 of a ziggurat
 82056 | Zig:2    | Entered Level 2 of a ziggurat
 82086 | Zig:3    | Entered Level 3 of a ziggurat
 82089 | Zig:3    | Noticed Erohin the pandemonium lord
 82111 | Zig:3    | Killed Erohin the pandemonium lord
 82111 | Zig:3    | Received a gift from Okawaru
 82127 | Zig:4    | Entered Level 4 of a ziggurat
 82246 | Zig:5    | Entered Level 5 of a ziggurat
 82250 | Zig:5    | Noticed an orb of fire
 82256 | Zig:5    | Gained mutation: You are frail. (-10% HP) [an orb of fire]
 82259 | Zig:5    | Killed an orb of fire
 82328 | Zig:6    | Entered Level 6 of a ziggurat
 82361 | Zig:6    | Identified the +8 mace of Yntoroy {pain, rF++}
 82380 | Zig:7    | Entered Level 7 of a ziggurat
 82413 | Zig:7    | Received a gift from Okawaru
 82425 | Zig:7    | Reached XP level 27. HP: 206/245 MP: 30/31
 82436 | Zig:8    | Entered Level 8 of a ziggurat
 82548 | Zig:8    | Reached skill level 15 in Dodging
 82552 | Zig:8    | Identified the +2 mace of the Fifty Stars {freeze, Dex+5}
 82553 | Zig:8    | Identified the ring of Zuzimaa {Fly rCorr Str+6}
 82568 | Zig:9    | Entered Level 9 of a ziggurat
 82613 | Zig:9    | Reached skill level 27 in Shields
 82629 | Zig:9    | Identified the +6 great sword of Hounuqag {flame, Fragile
                  | Will+ Stlth+}
 82643 | Zig:10   | Entered Level 10 of a ziggurat
 82694 | Zig:10   | Received a gift from Okawaru
 82732 | Zig:10   | Identified the +3 buckler "Zouraexu" {rC+ rCorr}
 82765 | Zig:10   | Identified the amulet of Akoyv {rPois Regen+ Int+4 SInv}
 82769 | Zig:10   | Identified the +0 ring mail "Udykapyw" {Will+}
 82809 | Zig:11   | Entered Level 11 of a ziggurat
 82870 | Zig:11   | Identified the +4 battleaxe "Maqicyag" {speed, *Noise rC++
                  | rN+ Stlth+}
 82894 | Zig:12   | Entered Level 12 of a ziggurat
 82918 | Zig:12   | Received a gift from Okawaru
 82921 | Zig:12   | Found the +0 staff of Battle
 82937 | Zig:12   | Received a gift from Okawaru
 82960 | Zig:12   | Identified the +1 robe of Greater Demons {Str-3 Dex+6
                  | Slay+3}
 82965 | Zig:12   | Identified the +0 robe of the Pit {Will+ Regen+ Slay+2}
 82968 | Zig:12   | Identified the ring of Pestin {rPois rF+ Str+7 Int+4 Dex-5}
 83047 | Zig:13   | Entered Level 13 of a ziggurat
 83137 | Zig:13   | Identified the ring of Xom's Bemusement {MP+9 Int+6}
 83143 | Zig:13   | Identified the +9 trident "Cewior" {flame, Stlth+}
 83146 | Zig:13   | Identified the +10 dagger of Crusades {antimagic, rF+
                  | Int+3}
 83151 | Zig:13   | Got Bogeef's Precepts of Dislocated Interference
 83153 | Zig:13   | Identified the +6 falchion "Cabiok" {freeze, rElec rC+}
 83161 | Zig:14   | Entered Level 14 of a ziggurat
 83245 | Zig:14   | Identified the +8 war axe of Annihilation {freeze, rElec
                  | MP-9 Str+7 Dex-4}
 83255 | Zig:14   | Identified the +7 whip "Wowioqil" {speed, Str+3}
 83256 | Zig:14   | Identified the +5 morningstar of Insomnia {spect, rElec
                  | rPois rN++ Stlth+}
 83276 | Zig:15   | Entered Level 15 of a ziggurat
 83294 | Zig:15   | Noticed a juggernaut
 83296 | Zig:15   | Noticed a juggernaut
 83302 | Zig:15   | Noticed a juggernaut
 83302 | Zig:15   | Noticed a juggernaut
 83304 | Zig:15   | Killed a juggernaut
 83307 | Zig:15   | Noticed a juggernaut
 83307 | Zig:15   | Gained mutation: You are partially covered in iridescent
                  | scales. (AC +2) [hidden potential]
 83310 | Zig:15   | Killed a juggernaut
 83310 | Zig:15   | Received a gift from Okawaru
 83320 | Zig:15   | Killed a juggernaut
 83329 | Zig:15   | Reached skill level 15 in Throwing
 83332 | Zig:15   | Killed a juggernaut
 83342 | Zig:15   | Killed a juggernaut
 83370 | Zig:15   | Identified the +11 mace of Onuete {vorpal, rN+}
 83382 | Zig:15   | Identified the +0 lajatang of Subjectivity {vorpal, *Rage
                  | Fly rPois rC+++}
 83393 | Zig:16   | Entered Level 16 of a ziggurat
 83498 | Zig:16   | Received a gift from Okawaru
 83781 | Zig:16   | Identified the +2 shortbow of Witom {freeze, rPois Will+
                  | SInv}
 83794 | Zig:16   | Got Sif Muna's Lectures on the Pyre and Venom
 83799 | Zig:17   | Entered Level 17 of a ziggurat
 83807 | Zig:17   | Noticed a juggernaut
 83807 | Zig:17   | Noticed a juggernaut
 83827 | Zig:17   | Killed a juggernaut
 83832 | Zig:17   | Killed a juggernaut
 83836 | Zig:17   | Received a gift from Okawaru
 83907 | Zig:17   | Noticed a juggernaut
 83922 | Zig:17   | Killed a juggernaut
 84085 | Zig:17   | Found the ring of the Octopus King
 84106 | Zig:17   | Identified a ring of the Octopus King {rCorr HP+2 AC+2 EV+2
                  | SH+2}
 84112 | Zig:17   | Identified the +2 plate armour of Honour {-Tele Dex+8
                  | Slay+3}
 84125 | Zig:17   | Got the Guidebook on Battle Magic and the Glacier
 84126 | Zig:17   | Identified the +11 short sword "Musunn" {vamp, rC+ Dex+3}
 84138 | Zig:18   | Entered Level 18 of a ziggurat
 84143 | Zig:18   | Noticed a dread lich
 84149 | Zig:18   | Noticed an ancient lich
 84151 | Zig:18   | Noticed an ancient lich
 84152 | Zig:18   | Noticed an ancient lich
 84159 | Zig:18   | Noticed an ancient lich
 84159 | Zig:18   | Noticed an ancient lich
 84162 | Zig:18   | Identified the amulet of Tafri {rC++ Regen+ Stlth+}
 84571 | Geh:1    | Entered Level 1 of Gehenna
 85007 | Geh:2    | Reached skill level 10 in Maces & Flails
 85881 | Tomb:2   | Noticed a royal mummy
 85883 | Tomb:2   | Noticed a royal mummy
 85888 | Tomb:2   | Noticed a royal mummy
 85888 | Tomb:2   | Noticed a royal mummy
 85889 | Tomb:2   | HP: 8/202 [lich/bolt of cold (23)]
 85893 | Tomb:2   | Mangled by a death scarab

Illustrated notes

Levels and vault maps discovered:
D:1:      tarquinn_simple_flora_water_f, layout_basic, serial_shops, shop
D:2:      minmay_alternating_diamond, layout_basic, basic_altar,
          nicolae_kite_square_tiling_tiny
D:3:      layout_loops_cross
D:4:      layout_loops_ring, gup_ossuary_entry_pyramid
D:5:      layout_loops_corners, kennysheep_mini_moat, temple_statues, uniq_ijyb,
          uniq_blork_the_orc, uniq_duvessa
D:6:      layout_layer_cave, mainiacjoe_overflow_24_doors, lemuel_round_altar,
          lemuel_crystal_altar
D:7:      layout_loops_ring, gammafunk_ghost_berserking_beasts
D:8:      layout_rooms
D:9:      layout_loops_ring, zin_angel, erik_lair_island, orc_0_dummy,
          enter_bailey_7
D:10:     layout_irregular_city, ashenzari_altar_1
D:11:     nzn_winding_woodlands_cross [nzn_winding_woodlands_5x15_pool,
          nzn_winding_woodlands_5x15_concentric,
          nzn_winding_woodlands_5x15_twine, nzn_winding_woodlands_5x15_jagged,
          nzn_winding_woodlands_15x15_eel_pit], layout_basic,
          portal_ice_cave_entry_ice_simulacra, kennysheep_generic_room_12,
          uniq_fannar
D:12:     minmay_the_grid_3x2 [minmay_the_grid_tiny_cups,
          minmay_the_grid_zigzag_pyramid, minmay_the_grid_stretched_grid,
          minmay_the_grid_broken_lines, minmay_the_grid_spin_star,
          minmay_the_grid_prize_big_room], layout_stronghold
D:13:     layout_irregular_city, serial_shops, nicolae_diamond_shop,
          dreamdust_princess_bridge
D:14:     layout_rooms, grunt_vaults_entry_tiered, kennysheep_cluttered_room,
          minmay_lindwurm_lava
D:15:     grunt_enter_depths_giant_problem, layout_long_grid, hex_tiny,
          nicolae_hepliaklqana_ecumenical_no_more
Temple:   compressed_dpeg_triangle_lava_temple
Lair:1:   layout_layer_cave, gauntlet_entry_generic, grunt_megastairs_5,
          uniq_amaemon
Lair:2:   layout_regular_city, minmay_shoals_entry_centaurs,
          minmay_snake_entry_six_corridors, nicolae_volcano_entry_lava_flow,
          infiniplex_staircase_pool_2, lemuel_fruit_tree
Lair:3:   layout_loops_ring
Lair:4:   minmay_lair_venomous_thicket, layout_cave_pods,
          dpeg_slime_entry_enclosed
Lair:5:   gammafunk_lair_ancient_temple, layout_concentric_octagons
Shoals:1: layout_shoals
Shoals:2: cheibrodos_shoals_oceanic_diplomacy, layout_shoals, serial_shops,
          nicolae_shop_statue_plus, uniq_ilsuiw
Shoals:3: layout_shoals, nicolae_shoals_sun_and_surf
Shoals:4: shoals_end_hangedman, layout_shoals, serial_shops, shop,
          nicolae_shoals_wave_tunnel, uniq_donald
Snake:1:  layout_onion_interference, grunt_ministairs_1
Snake:2:  nrook_guardian_serpent_snake_passage, layout_misc_corridors,
          ebering_ghost_rock_garden, uniq_vashnia
Snake:3:  layout_rooms
Snake:4:  snake_pit, layout_onion, nicolae_wooded_promenade, lightli_airlock
Slime:1:  layout_caves
Slime:2:  layout_caves
Slime:3:  layout_caves
Slime:4:  layout_caves
Slime:5
Orc:1:    dreamdust_under_siege, layout_diamond_mine, ebering_ghost_xom,
          serial_shops, nicolae_lakefront_shop
Orc:2:    st_orc_open, layout_caves, nooodl_orcs_dogs
Elf:1:    minmay_elf_arrival_plus, layout_loops_corners,
          portal_desolation_entry_garden, minmay_elf_necromancy, uniq_asterion
Elf:2:    nicolae_elf_blades_crystal_corner, layout_geoelf_octagon,
          einodemon_barbed_minivault, uniq_saint_roka
Elf:3:    elf_hall, layout_loops_corners, serial_shops, shop,
          nicolae_shop_trees, basic_altar
Vaults:1: nicolae_vaults_statue_guard, vaults_room_hallway, v_misc_2, v_rooms_2,
          v_alt_pattern_3, vaults_mumra_minichess_inversion,
          ontoclasm_vaults_misaligned, v_alt_pattern_2, grunt_vaults_focal,
          ontoclasm_vaults_decontamination, nicolae_vaults_specimen_jars,
          vaults_room_fours, layout_vaults_omnicross, serial_hangedman_research,
          hangedman_research_probablistics, hangedman_research_metamorphosis,
          serial_shops, shop_fountains, nicolae_shop_overgrown_old_shop,
          nicolae_shop_waterfront, shop, nicolae_shop_stone, uniq_zenata
Vaults:2: v_misc_13, vaults_dpeg_hooks, nicolae_vaults_little_ls, door_vault,
          v_misc_29, hangedman_vaults_nodes, nicolae_vaults_big_angled_halls,
          v_misc_8, hangedman_vaults_locks, grunt_vaults_hallway_short,
          hangedman_vaults_trim, grunt_vaults_hallway_short,
          vaults_dpeg_encased_lava, layout_vaults_maze_snakey, serial_shops,
          shop, nicolae_lakefront_shop
Vaults:3: nicolae_vaults_circle_grid_b, minmay_crypt_entry_simple_walls,
          nicolae_vaults_ninety_degrees, nicolae_vaults_triangles,
          vaults_mumra_lcd, v_misc_18, vaults_dpeg_ring, layout_vaults_omnigrid,
          serial_shops, nicolae_shop_bloodbath_and_beyond, uniq_boris,
          uniq_frederick
Vaults:4: dpeg_vaults_monster_row, v_alt_pattern_6, grunt_vaults_hallway_short,
          ontoclasm_vaults_fault, v_misc_22, hangedman_vaults_trim, v_misc_14,
          ontoclasm_vaults_chip, nicolae_vaults_border_crossing,
          nicolae_vaults_theta, ontoclasm_vaults_shout, layout_vaults_big_room
Vaults:5: serial_shops, uniq_bai_suzhen
Crypt:1:  layout_basic, grunt_crypt_arrival_split, grunt_megastairs_2
Crypt:2:  layout_gridlike, mu_enter_wizlab_5, skrybe_necro_troll_2,
          grunt_megastairs_3
Crypt:3:  lightli_unholy_cathedral, layout_chaotic_city, uniq_mennas
Tomb:1
Tomb:2
Depths:1: emtedronai_trogs_sanctum, layout_twisted_cross,
          serial_sigils_hangedman_quiver, pf_hell_entry_tar_river, pan_entry,
          dk_noncrumbling_3, dreamdust_wishing_well,
          amcnicky_mini_rare_corridor_liquid, nicolae_twisting_strands,
          chequers_decorated_corner, st_stairs_7, minmay_misc_feat_ornament,
          drop_trap, nicolae_wu_jian_wuxing_cycle
Depths:2: kennysheep_funnel, layout_basic, minmay_misc_feat_plants, hell_entry,
          rand_demon_pan_entry_9, kennysheep_random_hallway, minmay_shoptagon,
          uniq_mara, uniq_vv, uniq_aizul
Depths:3: hellmonk_ruined_rings, layout_honeycomb, pan_entry,
          kennysheep_cross_bottleneck, grunt_mini_vestibule, abyss_entry,
          minmay_staircase_windowed_large, serial_bayou_shore_b,
          serial_bayou_shore_b, uniq_jory, uniq_margery
Depths:4: grunt_zot_entry_alcove, layout_basic, enter_ziggurat_c, hell_entry
Hell
Geh:1:    hangedman_generic_boss_arena
Geh:2:    layout_gehenna_pools_basic

Skill      XL: |  1  2  3  4  5  6  7  8  9 10 11 12 13 14 15 16 17 18 19 20 21 22 23 24 25 26 27 |
---------------+----------------------------------------------------------------------------------+-----
Axes           | 3 4 5 6 7 8 10 12 13 14 15 16 17 18 19 22 23 25 27 | 27.0
Fighting       | 4 5 6 7 8 9 11 12 13 15 16 17 18 20 21 23 25 27 | 27.0
Shields        | 4 5 6 7 8 10 12 14 16 18 19 20 23 25 26 27 | 27.0
Armour         | 4 5 6 7 8 9 11 12 13 15 17 20 21 23 25 27 | 27.0
Invocations    | 1 2 3 5 6 8 11 12 | 12.0
Evocations     | 2 |  2.4
Throwing       | 3 5 6 8 9 10 12 13 16 | 16.5
Maces & Flails | 2 8 9 10 | 10.4
Dodging        | 9 13 21 | 21.2

Action                   |  1- 3 |  4- 6 |  7- 9 | 10-12 | 13-15 | 16-18 | 19-21 | 22-24 | 25-27 || total
-------------------------+-------+-------+-------+-------+-------+-------+-------+-------+-------++-------
Melee: War axe           |    98 |    98 |   194 |   308 |   293 |       |       |       |       ||   991
       Headbutt          |    15 |    24 |    33 |    98 |   206 |   280 |   317 |   524 |   526 ||  2023
       Broad axe         |       |       |       |    70 |   435 |  1289 |  1046 |  1590 |  1166 ||  5596
       Flail             |       |       |       |       |   109 |       |       |       |    19 ||   128
       Great mace        |       |       |       |       |       |       |       |       |    11 ||    11
Throw: Stone             |     9 |       |       |       |       |       |       |       |       ||     9
       Throwing net      |       |     3 |       |       |       |       |       |       |     7 ||    10
       Dart              |       |       |    14 |     3 |     7 |       |    19 |    39 |    45 ||   127
       Javelin           |       |       |       |   100 |   205 |    86 |   324 |    33 |   161 ||   909
       Boomerang         |       |       |       |       |       |   375 |   141 |   384 |   127 ||  1027
Invok: Heroism           |       |       |     3 |    19 |    18 |    30 |    35 |    35 |    22 ||   162
       Finesse           |       |       |       |     6 |     9 |    21 |    25 |    17 |    29 ||   107
Evoke: Wand              |       |     7 |     7 |     4 |     4 |    12 |     9 |    13 |    19 ||    75
       Lightning rod     |       |       |       |       |     5 |       |       |     9 |     4 ||    18
       Phial of floods   |       |       |       |       |     1 |       |       |     1 |     1 ||     3
       Condenser vane    |       |       |       |       |       |       |     1 |       |     1 ||     2
       Tin of tremorston |       |       |       |       |       |       |       |     1 |       ||     1
  Use: Scroll            |     5 |     3 |    12 |    13 |     8 |     6 |    17 |    12 |    30 ||   106
       Potion            |       |     2 |     3 |     7 |    10 |    11 |     5 |     9 |    27 ||    74
 Stab: Invisible         |       |       |    12 |       |     2 |       |     1 |     1 |    10 ||    26
       Distracted        |       |       |       |     4 |     7 |       |       |       |     1 ||    12
       Confused          |       |       |       |       |       |       |       |     1 |     1 ||     2
Armor: Scale mail        |    31 |       |       |       |       |       |       |       |       ||    31
       Plate armour      |    13 |    64 |   133 |    45 |       |       |       |       |       ||   255
       Crystal plate arm |       |       |       |   168 |       |       |       |       |       ||   168
       Gold dragon scale |       |       |       |     6 |   529 |   463 |   306 |   400 |   336 ||  2040
Dodge: Dodged            |    22 |    23 |    80 |    73 |   195 |   203 |   135 |   171 |   286 ||  1188
       Repelled          |       |       |       |       |       |    33 |     2 |       |       ||    35
Block: Buckler           |    13 |     8 |    54 |   107 |       |       |       |       |       ||   182
       Kite shield       |       |       |       |     7 |   549 |   691 |   556 |   797 |   704 ||  3304
       Reflection        |       |       |       |       |       |       |    77 |    16 |    46 ||   139
       Other             |       |       |       |       |       |       |       |       |    13 ||    13
       Rpst.: Broad axe  |       |       |       |       |       |       |       |    46 |   225 ||   271
       Great mace        |       |       |       |       |       |       |       |       |    24 ||    24
